 Dungeon Crawl Stone Soup version 0.31-a0-233-g139696dc86 (webtiles) character file.

Game seed: 325617384211732860

124 Shard1697 the Magician (level 5, -3/35 HPs)
             Began as a Djinni Enchanter on July 8, 2023.
             Killed from afar by an orc wizard (7 damage)
             ... with a magic dart
             ... on level 3 of the Dungeon.
             The game lasted 00:03:35 (1993 turns).

Shard1697 the Magician (Djinni Enchanter)           Turns: 1993, Time: 00:03:36

Health: -3/35      AC:  2    Str:  5 (7)  XL:     5   Next: 30%
Gold:   53         EV: 12    Int: 22 (24) God:
                   SH:  0    Dex: 11 (14)

rFire   + + .        a - +1 dagger
rCold   x . .        (no shield)
rNeg    . . .        b - +0 robe
rPois   ∞            (no helmet)
rElec   .            (no cloak)
rCorr   .            (no gloves)
SInv    .            (boots unavailable)
Will    .....        j - amulet of the acrobat
Stlth   +            o - +6 ring of intelligence
HPRegen 0.25/turn    (no ring)
MPRegen 0.00/turn

%: acrobat, infuse magic (-4 HP)
@: confused, brilliant, flying, hasted, invisible, very quick
A: sickness immunity, fire resistance 2, cold vulnerability 1, float, innate
caster, HP casting, extra vitality 1
a: no special abilities


You were on level 3 of the Dungeon.
You visited 1 branch of the dungeon, and saw 3 of its levels.

You collected 53 gold pieces.

Inventory:

Hand Weapons
 a - a +1 dagger (weapon)
Armour
 b - a +0 robe (worn)
 i - a +0 ring mail
Jewellery
 j - an amulet of the acrobat (around neck)
 o - a +6 ring of intelligence (left hand)
Scrolls
 d - 5 scrolls of identify {unknown}
 e - 2 scrolls of fear {unknown}
 h - 2 scrolls of enchant armour {unknown}
 m - 3 scrolls of enchant weapon {unknown}
 p - a scroll of teleportation {unknown}
Potions
 c - a potion of invisibility


   Skills:
 * Level 3.4 Short Blades
 - Level 2.1 Dodging
 - Level 2.4 Stealth
 + Level 3.4 Spellcasting
 + Level 3.4 Conjurations
 + Level 3.4 Hexes
   Level 0.0 Charms
 + Level 3.4 Summonings
 + Level 3.4 Necromancy
 + Level 3.4 Translocations
 + Level 3.4 Transmutations
 + Level 3.4 Fire Magic
 + Level 3.4 Ice Magic
 + Level 3.4 Air Magic
 + Level 3.4 Earth Magic
 + Level 3.4 Poison Magic


You knew the following spells:

 Your Spells              Type           Power      Damage    Failure   Level
a - Kiss of Death         Conj/Necr      100%       2d13      3%          1
b - Confusing Touch       Hex            28%        N/A       9%          3
c - Tukima's Dance        Hex            28%        N/A       9%          3
d - Dazzling Flash        Conj/Hex       56%        N/A       9%          3
e - Scorch                Fire           56%        2d7       4%          2
t - Ensorcelled Hibernat  Hex/Ice        56%        N/A       4%          2
Your spell library was empty.

Dungeon Overview and Level Annotations

Branches:
Dungeon (3/15)

Altars:

Shops:
D:2 =   D:3 ?


Innate Abilities, Weirdness & Mutations

You are immune to sickness and miasma.
You are immune to poison.
Your flesh is very heat resistant. (rF++)
You are vulnerable to cold. (rC-)
You float through the air rather than walking.
You learn spells naturally, not from books.
Your magical power is your life essence.
You have superior vitality. (+4 MHP)


Message History

A magic dart appears from out of thin air!
The magic dart hits you.
You hit something but do no damage. You miss something. Something hits you.
You miss something. Something hits you. Something hits you.
You hear some strange, mumbled words.
You are confused.
You bump into the rock wall.
It was a potion of degeneration.
There was something very wrong with that liquid.
You feel weakened.
You feel dopey.
You feel clumsy. Something hits you.
* * * LOW HITPOINT WARNING * * *
It was a potion of cancellation.
Your magical effects are unravelling.
You feel magically purged.
You feel less confused.
You hear some strange, mumbled words.
A magic dart appears from out of thin air!
The magic dart hits you.
* * * LOW HITPOINT WARNING * * *
Okay, then.
It was a potion of curing.
You feel better. Something hits you.
* * * LOW HITPOINT WARNING * * *
You hear some strange, mumbled words.
You are confused.
It was a potion of brilliance.
You feel clever all of a sudden.
It was a potion of haste.
You feel yourself speed up. Something hits you.
* * * LOW HITPOINT WARNING * * *
You fade into invisibility!
Something hits you.
* * * LOW HITPOINT WARNING * * *
You bump into the rock wall.
You bump into the rock wall.
You hear some strange, mumbled words.
A magic dart appears from out of thin air!
The magic dart hits you!
You die...

#..............<.....#
#.......∩............# ###
#......#.............#
#.####......######...##...#
#..).#......## #>..>..#.#
#.##.........######.##..#
.# #.###............##.#
#..# #
#..##.........##..#.# ...
##.##.......#.{@....### ..
#.##.......####......#..
#..#......[###.........#
##.#.......##..........#
#.####..#..#..........# #.#
#..#.)#..........# #.#
##...#)...........#
#.###......#..........##..
#..##.....................


There were no monsters in sight!

Vanquished Creatures
  Jessica (D:2)
  An orc wizard (D:3)
  3 adders
  A dart slug (D:3)
  2 orcs (D:3)
  5 ball pythons
  4 bats
  2 endoplasms (D:2)
  2 goblins
  5 hobgoblins
  4 kobolds (D:1)
  3 quokkas
  4 frilled lizards
  5 rats
42 creatures vanquished.

Notes
Turn   | Place    | Note
-------+----------+-------------------------------------------
     0 | D:1      | Shard1697 the Djinni Enchanter began the quest for the Orb.
     0 | D:1      | Shard1697 set off with the following spells memorised:
                  | Ensorcelled Hibernation, Confusing Touch, Tukima's Dance,
                  | Dazzling Flash.
     0 | D:1      | Reached XP level 1. HP: 15/15 MP: 0/0
    78 | D:1      | Reached skill level 1 in Short Blades
   155 | D:1      | Reached XP level 2. HP: 21/21 MP: 0/0
   532 | D:1      | Reached XP level 3. HP: 24/25 MP: 0/0
   532 | D:1      | Learned a level 1 spell: Kiss of Death
  1149 | D:2      | Noticed Jessica
  1154 | D:2      | Killed Jessica
  1155 | D:2      | Reached XP level 4. HP: 31/31 MP: 0/0
  1177 | D:2      | Found Hummix's Jewellery Emporium.
  1713 | D:3      | Found Sulugoud's Magic Scroll Shop.
  1778 | D:3      | Found a faded altar of an unknown god.
  1821 | D:3      | Reached XP level 5. HP: 17/35 MP: 0/0
  1821 | D:3      | Learned a level 2 spell: Scorch
  1993 | D:3      | Killed from afar by an orc wizard

Illustrated notes

Levels and vault maps discovered:
D:1:      lemuel_arrival_tunnels, layout_loops_ring
D:2:      layout_basic, serial_shops, shop, dk_noncrumbling_3, uniq_jessica
D:3:      layout_rooms, serial_shops, shop,
          chequers_ecumenical_altar_simple_redux,
          chequers_serial_rivers_small_a, palyth_stone_intersect,
          minmay_pentomino_pile

Skill      XL: |  1  2  3  4 |
---------------+-------------+-----
Short Blades   | 1 2 3 |  3.4
Spellcasting   | 3 |  3.4
Conjurations   | 3 |  3.4
Hexes          | 3 |  3.4
Summonings     | 3 |  3.4
Necromancy     | 3 |  3.4
Translocations | 3 |  3.4
Transmutations | 3 |  3.4
Fire Magic     | 3 |  3.4
Ice Magic      | 3 |  3.4
Air Magic      | 3 |  3.4
Earth Magic    | 3 |  3.4
Poison Magic   | 3 |  3.4
Dodging        | |  2.1
Stealth        | |  2.4

Action                     |  1- 3 |  4- 6 || total
---------------------------+-------+-------++-------
  Melee: Dagger            |    78 |    59 ||   137
         Punch             |       |     2 ||     2
   Cast: Ensorcelled Hiber |     7 |    13 ||    20
    Use: Potion            |       |     6 ||     6
   Stab: Sleeping          |    13 |     5 ||    18
 Armour: Robe              |     9 |     7 ||    16
  Dodge: Dodged            |    46 |    44 ||    90

Table legend: (Time is in decaauts)
 A = Elapsed time spent in this place.
 B = Non-inter-level travel time spent in this place.
 C = Inter-level travel time spent in this place.
 D = Time resting spent in this place.
 E = Time spent auto-exploring this place.
 F = Levels seen in this place.
 G = Mean time per level.
                   A        B        C        D        E       F      G
               +--------+--------+--------+--------+--------+-----+--------+
         Total |   1975 |   1850 |    125 |    185 |   1254 |   3 |  658.3 |
       Dungeon |   1975 |   1850 |    125 |    185 |   1254 |   3 |  658.3 |
               +--------+--------+--------+--------+--------+-----+--------+

Top non-repeatable levels by time:
     D:2: 861 daAuts
     D:1: 839 daAuts
     D:3: 274 daAuts
